 Dungeon Crawl Stone Soup version 0.27.0-1-g7a089689b8 (webtiles) character file.

Game seed: 1150391194231470341

308 Buersti the Skirmisher (level 6, -1/56 HPs)
             Began as a Hill Orc Fighter on Aug 9, 2021.
             Was a Believer of Nemelex Xobeh.
             Killed from afar by Blork the orc (10 damage)
             ... with a puff of frost
             ... on level 4 of the Dungeon on Aug 10, 2021.
             The game lasted 00:56:21 (3139 turns).

Buersti the Skirmisher (Hill Orc Fighter)           Turns: 3139, Time: 00:56:22

Health: -1/56      AC:  9    Str: 20    XL:     6   Next: 40%
Magic:  6/6        EV:  5    Int:  8    God:    Nemelex Xobeh [**....]
Gold:   150        SH:  9    Dex: 11    Spells: 5/5 levels left

rFire    . . .     SeeInvis .   q - +0 flail
rCold    . . .     Faith    .   c - +0 kite shield
rNeg     . . .     Spirit   .   y - +0 chain mail
rPois    .         Reflect  .   (no helmet)
rElec    .         Harm     .   (no cloak)
rCorr    .         Rampage  .   (no gloves)
Will     .....                  (no boots)
Stlth    ..........             (no amulet)
HPRegen  0.18/turn              l - ring of flight
MPRegen  0.10/turn              (no ring)

@: flying
A: no striking features
a: Renounce Religion, Draw Escape, Draw Destruction, Draw Summoning


You were on level 4 of the Dungeon.
You worshipped Nemelex Xobeh.
Nemelex Xobeh was pleased with you.
You visited 1 branch of the dungeon, and saw 4 of its levels.

You collected 150 gold pieces.

Inventory:

Hand Weapons
 a - a +0 war axe
 e - a +0 whip
 g - a +0 club
 q - a +0 flail (weapon)
Missiles
 i - 26 arrows
 k - 118 stones (quivered)
 m - 39 bolts
 v - a throwing net
Armour
 c - a +0 kite shield (worn)
 y - a +0 chain mail (worn)
Jewellery
 l - a ring of flight (left hand)
 r - a ring of fire
Scrolls
 d - a scroll of teleportation {unknown}
 j - a scroll of identify {unknown}
 x - a scroll of magic mapping {unknown}
Potions
 h - 2 potions of flight {unknown}
 s - a potion of attraction {unknown}
 t - a potion of invisibility {unknown}


   Skills:
 + Level 5.2 Fighting
 + Level 4.7 Axes
 + Level 4.9 Armour
 + Level 4.7 Shields


You had 5 spell levels left.
You didn't know any spells.
Your spell library was empty.

Dungeon Overview and Level Annotations

Branches:
Dungeon (4/15)
 Temple: D:4-7

Altars:
Nemelex Xobeh
Vehumet

Annotations:
D:4 Blork the orc, Menkaure


Message History

Blork the orc hits you with a +0 long sword.
A kobold comes into view. It is wielding a +0 dagger.
Blork the orc hits you with a +0 long sword!
Blork the orc barely misses you.
Menkaure giggles, "These cerements are ticklish..."
Unknown command.
You hit Blork the orc.
Blork the orc is almost dead.
Blork the orc casts a spell at you. The puff of frost hits you.
Blork the orc casts a spell at you. The puff of frost misses you.
You closely miss Blork the orc.
Blork the orc is almost dead.
Blork the orc gestures at you while chanting.
The magic dart hits you. You block Blork the orc's attack.
You hit Blork the orc but do no damage.
Blork the orc is almost dead.
Blork the orc hits you but does no damage.
You block Blork the orc's attack. x2
You closely miss Blork the orc.
Blork the orc is almost dead.
You block Blork the orc's attack.
Blork the orc hits you but does no damage.
Menkaure whispers drily.
Menkaure calls on the powers of darkness!
Your body is wracked with pain!
* * * LOW HITPOINT WARNING * * *
Unknown command.
You hit Blork the orc but do no damage.
Blork the orc is almost dead.
You block Blork the orc's attack.
Menkaure calls on the powers of darkness!
Your body is wracked with pain!
* * * LOW HITPOINT WARNING * * *
The adder convulses!
Blork the orc points at you and mumbles some strange words.
The puff of frost hits you!
You die...
Your body glows slightly and disappears.

........# ######
........# #.....
........# #.....
........# ##.....
...S....#######....#
................<.##
...................##
#########S.............#
.......@oM.............#
#########..............#
#..............#
#..............#
##............##
##..........##
############


You could see Blork the orc (fast), Menkaure (fast) and an adder.

Vanquished Creatures
  Grinder (D:4)
  3 adders
  An adder skeleton (D:4)
  2 worms
  A dart slug (D:3)
  An orc (D:3)
  5 bats
  8 endoplasms
  2 giant cockroaches (D:1)
  4 goblins
  8 hobgoblins
  10 jackals
  5 kobolds
  4 quokkas
  2 ball pythons
  2 frilled lizards (D:3)
  6 rats (D:1)
65 creatures vanquished.

Notes
Turn   | Place    | Note
-------+----------+-------------------------------------------
     0 | D:1      | Buersti the Hill Orc Fighter began the quest for the Orb.
     0 | D:1      | Reached XP level 1. HP: 19/19 MP: 1/1
     0 | D:1      | Noticed a demigod
     1 | D:1      | Noticed a spriggan
     3 | D:1      | Noticed a formicid
     5 | D:1      | Noticed a spriggan
    22 | D:1      | Noticed a gargoyle
    23 | D:1      | Noticed a human
    24 | D:1      | Noticed a palentonga
    44 | D:1      | Noticed a felid
    44 | D:1      | Noticed an octopode
    68 | D:1      | Noticed a spriggan
    68 | D:1      | Noticed a merfolk
    69 | D:1      | Noticed a vampire
    71 | D:1      | Noticed a djinni
    73 | D:1      | Noticed a vine stalker
    73 | D:1      | Noticed a felid
    75 | D:1      | Noticed a ghoul
   221 | D:1      | Reached XP level 2. HP: 22/27 MP: 2/2
   669 | D:1      | Found a faded altar of an unknown god.
   690 | D:1      | Became a worshipper of Nemelex Xobeh the Trickster
   690 | D:1      | Reached * piety under Nemelex Xobeh
   690 | D:1      | Received a gift from Nemelex Xobeh
   707 | D:1      | Reached skill level 4 in Fighting
   757 | D:1      | Reached XP level 3. HP: 28/33 MP: 3/3
  1464 | D:2      | You are sucked into a shaft and drop 2 floors!
  1465 | D:4      | Noticed Grinder
  1485 | D:4      | Paralysed by Grinder for 4 turns
  1489 | D:4      | Killed Grinder
  1490 | D:4      | Reached skill level 5 in Fighting
  1490 | D:4      | Reached XP level 4. HP: 12/42 MP: 4/4
  1490 | D:4      | Reached XP level 5. HP: 14/48 MP: 5/5
  1490 | D:4      | Reached XP level 6. HP: 16/56 MP: 6/6
  1868 | D:4      | Found a radiant altar of Vehumet.
  2068 | D:3      | Reached ** piety under Nemelex Xobeh
  3122 | D:4      | Noticed Blork the orc
  3123 | D:4      | Noticed Menkaure
  3139 | D:4      | Killed from afar by Blork the orc

Illustrated notes

Levels and vault maps discovered:
D:1:      shiori_arrival_whats_in_store_for_you, layout_loops_corners,
          ebering_ecumenical_altar_abandoned
D:2:      layout_loops_cross
D:3:      layout_basic
D:4:      layout_rooms, nicolae_vehumet_altar_sigil, serial_glass,
          glass_columns_a, glass_columns_b, gup_sewer_entry_bubbles,
          minmay_misc_feat_square, uniq_grinder, uniq_menkaure,
          uniq_blork_the_orc

Skill      XL: |  1  2  3 |
---------------+----------+-----
Fighting       | 4 5 |  5.2
Axes           | 3 4 |  4.7
Armour         | 4 |  4.9
Shields        | 4 |  4.7

Action                   |  1- 3 |  4- 6 || total
-------------------------+-------+-------++-------
Melee: War axe           |    97 |    64 ||   161
       Mace              |     8 |       ||     8
       Flail             |       |    55 ||    55
Throw: Stone             |       |     2 ||     2
  Use: Scroll            |     1 |       ||     1
       Potion            |     1 |       ||     1
Armor: Scale mail        |    68 |    40 ||   108
       Chain mail        |       |    16 ||    16
Dodge: Dodged            |    38 |    36 ||    74
Block: Kite shield       |    73 |    72 ||   145
